 Dungeon Crawl Stone Soup version 0.32-a0-7-ge934b4519a (webtiles) character file.

Game seed: 1588029545252524469

1952852 bakla the Fungal (level 26, 151/151 HPs)
             Began as a Felid Fighter on Jan 12, 2024.
             Was an Initiate of Fedhas.
             Escaped with the Orb
             ... and 3 runes on Jan 13, 2024!
             The game lasted 02:11:47 (51034 turns).

bakla the Fungal (Felid Fighter)                   Turns: 51034, Time: 02:11:48

Health: 151/151    AC: 12    Str: 20    XL:     26   Next: 20%
Magic:  44/44      EV: 62    Int: 14    God:    Fedhas [......]
Gold:   4114       SH:  0    Dex: 27    Spells: 29/35 levels left
                                        Lives:  1   Deaths: 8

rFire   + .          .
                       - Unarmed
rCold   + + .        (shield unavailable)
rNeg    . . .        (body armour unavailable)
rPois   ∞            (helmet unavailable)
rElec   +            (cloak unavailable)
rCorr   .            (gloves unavailable)
SInv    +            (boots unavailable)
Will    ++++.        N - amulet of Lutwiaph {*Slow Will+ Regen+ Dex+3}
Stlth   ++           L - ring "Carpheemp" {rF+ rC+ MP+9}
HPRegen 1.25/turn    m - ring "Nuomm" {rC+ Str+2 Dex+6}
MPRegen 0.29/turn

%: slow self (1%)
@: storm-form, flying
A: cleaving, insubstantial, flying, very small, (claws 1), (fangs 3), see
invisible, (shaggy fur 3), (stealthy paws), no weapons or thrown items, no
armour, multi-lived, clumsy 1, low MP 1
0: Orb of Zot
}: 3/15 runes: barnacled, silver, gossamer
a: Blinkbolt, Begin Untransformation, Renounce Religion


You escaped.
You worshipped Fedhas.
Fedhas was noncommittal.
You were a lightning-filled tempest!
You visited 10 branches of the dungeon, and saw 48 of its levels.
You also visited: Ice Cave and Wizlab.

You collected 7470 gold pieces.
You spent 3356 gold pieces at shops.

Inventory:

Jewellery
 a - a ring of protection from fire
 m - the ring "Nuomm" (right paw) {rC+ Str+2 Dex+6}
   (You acquired it on level 9 of the Dungeon)

   [ring of dexterity]

   Str+2:     It affects your strength (+2).
   Dex+6:     It affects your dexterity (+6).
   rC+:       It protects you from cold.
 o - the ring of Kogoprog {rPois rF- EV+5 Slay+5}
   (You acquired it on level 9 of the Dungeon)

   [ring of evasion]

   EV+5:      It affects your evasion (+5).
   Slay+5:    It affects your accuracy & damage with ranged weapons and melee
   (+5).
   rF-:       It makes you vulnerable to fire.
   rPois:     It protects you from poison
 s - a ring of protection from cold
 v - a +6 ring of dexterity
 F - the ring of Egri {rElec Will+ rCorr}
   (You took it off a deep elf master archer on level 3 of the Elven Halls)

   [ring of willpower]

   rElec:     It insulates you from electricity.
   Will+:     It increases your willpower.
   rCorr:     It protects you from acid and corrosion.
 G - the ring of the Mage {Wiz Archmagi}
   (You took it off a vault warden on level 5 of the Vaults)

   [ring of wizardry]

   Wiz:       It improves your spell success rate.
   Archmagi:  It increases the power of your magical spells.
 I - the ring of Moxt {rCorr Int+8 Dex-3 Slay+4 Stlth-}
   (You found it on level 1 of the Depths)

   [ring of slaying]

   Int+8:     It affects your intelligence (+8).
   Dex-3:     It affects your dexterity (-3).
   Slay+4:    It affects your accuracy & damage with ranged weapons and melee
   (+4).
   rCorr:     It protects you from acid and corrosion.
   Stlth-:    It makes you less stealthy.
 L - the ring "Carpheemp" (left paw) {rF+ rC+ MP+9}
   (You bought it in a shop on level 2 of the Elven Halls)

   [ring of protection from cold]

   rF+:       It protects you from fire.
   rC+:       It protects you from cold.
   MP+9:      It affects your magic capacity (+9).
 N - the amulet of Lutwiaph (around neck) {*Slow Will+ Regen+ Dex+3}
   (You found it on level 3 of the Elven Halls)

   [amulet of regeneration]

   Dex+3:     It affects your dexterity (+3).
   Will+:     It increases your willpower.
   Regen+:    It increases your rate of health regeneration.
   *Slow:     It may slow you when you take damage.
 R - a ring of willpower
 V - an amulet of the acrobat
 W - a +5 ring of evasion
Talismans
 f - a maw talisman
 T - a storm talisman (active)
Wands
 h - a wand of flame (128)
 p - a wand of iceblast (42)
 E - a wand of polymorph (28)
 H - a wand of paralysis (43)
 K - a wand of light (12)
 M - a wand of mindburst (23)
 Q - a wand of digging (18)
Scrolls
 b - 12 scrolls of amnesia
 c - 10 scrolls of fog
 g - 13 scrolls of teleportation
 j - 31 scrolls of identify
 l - 6 scrolls of blinking
 n - a scroll of revelation
 q - 4 scrolls of immolation
 u - 6 scrolls of fear
 x - 13 scrolls of vulnerability
 O - a scroll of silence
 P - 3 scrolls of poison
 U - 2 scrolls of butterflies
Potions
 d - 7 potions of enlightenment
 e - 11 potions of lignification
 i - 10 potions of brilliance
 k - 9 potions of might
 r - 6 potions of cancellation
 t - 12 potions of curing
 w - 4 potions of ambrosia
 z - 8 potions of attraction
 A - 3 potions of invisibility
 B - 9 potions of mutation
 C - 3 potions of haste
 D - 6 potions of berserk rage
 S - a potion of heal wounds
Miscellaneous
 y - a lightning rod (4/4)
 J - a phantom mirror


   Skills:
 + Level 19.7 Fighting
 + Level 20.1 Dodging
 - Level 14.5 Stealth
 + Level 19.7 Unarmed Combat
 - Level 5.0 Spellcasting
 - Level 7.0 Hexes
 - Level 5.0 Necromancy
 - Level 23.1 Invocations
 - Level 4.0 Evocations
 - Level 23.0 Shapeshifting


You had 29 spell levels left.
You knew the following spells:

 Your Spells              Type           Power      Damage    Failure   Level
a - Jinxbite              Hex            46%        N/A       1%          2
b - Summon Small Mammal   Summ           12%        N/A       17%         1
c - Fugue of the Fallen   Necr           17%        N/A       7%          3

Your spell library contained the following spells:

 Spells                   Type           Power      Damage    Failure   Level
 Necrotise                Necr           68%        1d7       2%          1
 Sigil of Binding         Hex            23%        N/A       3%          3
 Ensorcelled Hibernation  Hex/Ice        26%        N/A       6%          2
 Dazzling Flash           Conj/Hex       26%        N/A       12%         3
 Inner Flame              Hex/Fire       13%        N/A       12%         3
 Cigotuvi's Dreadful Rot  Necr/Alch/Air  16%        N/A       14%         2
 Anguish                  Hex/Necr       10%        N/A       14%         4
 Apportation              Tloc           6%         N/A       17%         1
 Freeze                   Ice            12%        1d3       17%         1
 Magic Dart               Conj           12%        1d3       17%         1
 Sandblast                Erth           6%         2d5       17%         1
 Sting                    Conj/Alch      12%        1d3       17%         1
 Animate Dead             Necr           17%        N/A       22%         4
 Dispel Undead            Necr           17%        3d10      22%         4
 Blink                    Tloc           6%         N/A       26%         2
 Call Imp                 Summ           6%         N/A       26%         2
 Lesser Beckoning         Tloc           6%         N/A       26%         2
 Mercury Vapours          Alch/Air       6%         N/A       26%         2
 Momentum Strike          Conj/Tloc      6%         3d8       26%         2
 Static Discharge         Conj/Air       6%         3-4/arc   26%         2
 Call Canine Familiar     Summ           3%         N/A       45%         3
 Frozen Ramparts          Ice            6%         1d1       45%         3
 Gell's Gravitas          Tloc           3%         N/A       45%         3
 Hailstorm                Conj/Ice       3%         3d5       45%         3
 Mephitic Cloud           Conj/Alch/Air  3%         N/A       45%         3
 Ozocubu's Armour         Ice            3%         N/A       45%         3
 Passwall                 Erth           3%         N/A       45%         3
 Stone Arrow              Conj/Erth      6%         3d7       45%         3
 Swiftness                Air            3%         N/A       45%         3
 Volatile Blastmotes      Fire/Tloc      6%         2d10      45%         3
 Curse of Agony           Necr           17%        N/A       52%         5
 Metabolic Englaciation   Hex/Ice        6%         N/A       75%         5
 Silence                  Hex/Air        6%         N/A       75%         5
 Airstrike                Air            1%         2d(1-17)  86%         4
 Brom's Barrelling Bould  Conj/Erth      3%         2d3       86%         4
 Ignite Poison            Fire/Alch      3%         N/A       86%         4
 Iskenderun's Mystic Bla  Conj/Tloc      3%         2d3       86%         4
 Olgreb's Toxic Radiance  Alch           3%         N/A       86%         4
 Summon Lightning Spire   Summ/Air       3%         N/A       86%         4
 Vhi's Electric Charge    Tloc/Air       6%         N/A       86%         4
 Alistair's Intoxication  Alch           2%         N/A       99%         5
 Arcjolt                  Conj/Air       1%         1d11      99%         5
 Fireball                 Conj/Fire      1%         3d3       99%         5
 Freezing Cloud           Conj/Ice/Air   1%         6-21      99%         5
 Irradiate                Conj/Alch      1%         3d12      99%         5
 Iskenderun's Battlesphe  Conj           3%         2d6       99%         5
 Summon Forest            Summ/Tloc      1%         N/A       99%         5
 Conjure Ball Lightning   Conj/Air       1%         3x3d6     100%        6
 Dispersal                Tloc           1%         N/A       100%        6
 Eringya's Noxious Bog    Alch           1%         4d6       100%        6
 Plasma Beam              Fire/Air       1%         2x1d11    100%        6
 Sculpt Simulacrum        Ice/Alch       1%         N/A       100%        6
 Starburst                Conj/Fire      1%         6d3       100%        6
 Haunt                    Necr/Summ      5%         N/A       100%        7
 Malign Gateway           Summ/Tloc      1%         N/A       100%        7
 Orb of Destruction       Conj           1%         9d5       100%        7
 Ozocubu's Refrigeration  Ice            1%         4d7       100%        7
 Summon Hydra             Summ           1%         N/A       100%        7
 Ignition                 Fire           1%         3d3       100%        8
 Infestation              Necr           8%         N/A       100%        8
 Maxwell's Capacitive Co  Air            1%         ∞         100%        8
 Summon Horrible Things   Summ           1%         N/A       100%        8
 Polar Vortex             Ice            1%         N/A       100%        9
 Dimensional Bullseye     Hex/Tloc       Unusable   N/A       N/A         4

Dungeon Overview and Level Annotations

Branches:
Dungeon (15/15)            Temple (1/1) D:6            Lair (5/5) D:8
 Shoals (4/4) Lair:3       Spider (4/4) Lair:3        Slime (0/5) Lair:5
    Orc (2/2) D:12            Elf (3/3) Orc:2        Vaults (5/5) D:14
  Crypt (0/3) Vaults:3     Depths (4/4) D:15            Zot (5/5) Depths:4
  IceCv (visited)          WizLab (visited)

Altars:
Ashenzari
Cheibriados
Dithmenos
Elyvilon
Fedhas
Gozag
Hepliaklqana
Kikubaaqudgha
Makhleb
Nemelex Xobeh
Okawaru
Qazlal
Ru
Sif Muna
Trog
Uskayaw
Vehumet
Wu Jian
Xom
Yredelemnul
Zin
The Shining One

Shops:
D:3 (   D:4 :   D:10 [   D:14 *   Orc:1 :   Orc:2 !*(!(   Elf:2 :=:
Shoals:1 [???(   Depths:1 :   Depths:3 *

Portals:
Hell: Depths:1 Depths:2 Depths:3 Depths:4
Abyss: Depths:1 Depths:3
Pandemonium: Depths:2 Depths:3
Ziggurat: Depths:2

Annotations:
D:8 3 transporters, 3 runed translucent doors, Lahburn's ghost, novice MiFi
D:10 2 transporters
Elf:2 6 transporters, 3 runed translucent doors
Depths:3 2 transporters, Heckotz's ghost, veteran DEHs


Innate Abilities, Weirdness & Mutations

You are a lightning-filled tempest!
Your electrical attacks strike out in all directions at once.
You are incredibly evasive.
Your insubstantial body is immune to petrification, constriction, and being set on fire You are flying.
You are immune to poison.
((You have sharp claws.))
((You have razor-sharp teeth.))
You have supernaturally acute eyesight. (SInv)
((Your thick and shaggy fur keeps you warm. (AC +3, rC+)))
((Your paws help you pounce on unaware monsters.))
You are incapable of wielding weapons or throwing items.
You cannot wear armour.
You gain extra lives every three experience levels.
You are clumsy. (Dex -2)
Your magical capacity is low. (-10% MP)


Message History

You kill the Orb Guardian!
Fedhas accepts your kill.
There is a stone staircase leading up here.
You fly upwards.
There is a stone staircase leading down here.
What level of the Dungeon? (default 1, ? - help)
A demonspawn black sun and a lorocyproca come into view.
You hit the demonspawn black sun but do no damage.
You barely miss the demonspawn black sun.
You blast the demonspawn black sun!!!
The demonspawn black sun is heavily wounded.
The demonspawn black sun utters an invocation to Kikubaaqudgha.
The demonspawn black sun begins absorbing vital energies!
The lorocyproca begins absorbing vital energies!
You hit the demonspawn black sun but do no damage.
The demonspawn black sun is heavily wounded.
You hit the lorocyproca but do no damage.
You barely miss the lorocyproca.
You buffet the demonspawn black sun!
The demonspawn black sun completely misses you.
The lorocyproca completely misses you.
You batter the demonspawn black sun!!
Lightning courses through the demonspawn black sun!
You kill the demonspawn black sun!
Fedhas accepts your kill.
You buffet the lorocyproca!
The lorocyproca barely misses you.
You blast the lorocyproca!!!
The lorocyproca is almost dead.
You buffet the lorocyproca!
The lorocyproca is almost dead.
The lorocyproca completely misses you.
You closely miss the lorocyproca. You punch the lorocyproca.
You kill the lorocyproca!
Fedhas accepts your kill.
What level of the Dungeon? (default 1, ? - help) You're already here!
What level of the Dungeon? (default 1, ? - help)
A Hell Sentinel comes into view.
There is an open door here.
There is a staircase leading out of the dungeon here.
You have escaped!

#.......#.......## #.#
#.......#......## #.##
#########......###.....#######...
.##............# #............###
..............## ##...........#
#############'#####'############
#..### ##.....## ###...##
###....### ##.....## ###......#
..#......####...v...####.........
#..........##.......##...........
##.###.....###.....###.......#.#.
#..##.....# ###'### #.....#.###.
##.......## ##.## ##....#.....
####....# ###...### #......####
#...####.......####...###
#...##...........##...#
#..#....#..1.#.....#..###


There were no monsters in sight!

Vanquished Creatures
  4 dread liches
  Frederick (Vaults:3)
  3 ancient liches
  6 orbs of fire (Zot:5)
  Sojobo (Depths:4)
  Vv (Depths:3)
  Margery (Vaults:3)
  3 Killer Klowns
  2 curse toes
  11 golden dragons
  Nikola (Shoals:4)
  A bone dragon (Vaults:3)
  Norris (Elf:2)
  Arachne (Spider:2)
  Jory (Depths:3)
  3 electric golems
  A Brimstone Fiend (Zot:5)
  4 walking crystal tomes
  A hellephant (Vaults:3)
  An Ice Fiend (Depths:1)
  4 liches
  20 tentacled monstrosities
  Rupert (D:13)
  Jorgrun (D:13)
  A walking earthen tome (Depths:3)
  2 deep elf blademasters (Elf:3)
  Asterion (Vaults:2)
  5 quicksilver dragons
  2 walking frostbound tomes
  26 Orb Guardians
  3 titans (Vaults:5)
  2 walking divine tomes
  A deep elf master archer (Elf:3)
  A sphinx (Vaults:1)
  14 storm dragons
  10 death cobs
  3 draconian monks
  2 daevas (Depths:2)
  13 tengu reavers
  13 shadow dragons
  9 protean progenitors
  10 fire giants
  2 draconian knights
  7 frost giants
  7 deep elf sorcerers
  2 iron dragons (Vaults:5)
  3 draconian shifters
  24 vault wardens
  11 emperor scorpions
  5 deep elf elementalists
  10 ghost moths
  8 draconian scorchers
  3 draconian stormcallers
  A cacodemon (WizLab)
  2 angels
  5 draconian annihilators
  20 stone giants
  5 broodmothers
  4 ironbound thunderhulks
  4 vampire knights
  19 ironbound preservers
  2 formless jellyfish
  8 very ugly things
  6 green draconians
  A demonspawn black sun (D:1)
  4 deep elf death magi
  15 black draconians
  5 deep elf demonologists
  5 purple draconians
  9 dire elephants
  11 deep elf annihilators
  6 yellow draconians
  2 war gargoyles
  2 bunyips (Zot:3)
  6 spark wasps
  A lorocyproca (D:1)
  12 red draconians
  10 white draconians
  The ghost of Elol the Basher, a journeyman DrRe of Nemelex Xobeh (Orc:1)
  Josephine (D:13)
  A crystal guardian (Vaults:2)
  13 ettins
  2 green deaths
  14 yaktaur captains
  4 fire dragons
  Snorg (D:10)
  7 merfolk javelineers
  2 entropy weavers (shapeshifter)
  12 merfolk impalers (Shoals:4)
  8 entropy weavers
  Fannar (Orc:1)
  Erolcha (D:9)
  4 deep elf high priests
  7 great orbs of eyes
  39 vault guards
  7 ice dragons
  7 hydras
  A peacekeeper (Vaults:2)
  3 merfolk aquamancers (Shoals:4)
  A hell beast (Depths:2)
  4 spriggan air magi
  10 ironbound frosthearts
  2 ogre magi
  8 centaur warriors
  2 catoblepae (Shoals:3)
  4 jorogumos
  4 satyrs
  5 merfolk avatars
  14 boulder beetles
  8 deep troll shamans
  2 tengu warriors
  10 two-headed ogres
  7 orc high priests
  4 deep troll earth magi
  4 spriggan berserkers
  3 demonic crawlers
  11 dancing weapons
  4 death yaks (Lair:5)
  Urug (D:10)
  2 occultists (Depths:3)
  3 sun demons (Depths:3)
  18 deep elf knights
  3 soul eaters (WizLab)
  5 skysharks
  A titan skeleton (Vaults:4)
  11 hell knights
  3 iron trolls
  5 skeletal warriors (D:14)
  A pharaoh ant (Spider:2)
  A salamander mystic (Depths:2)
  13 sea snakes
  3 flayed ghosts
  12 orb spiders
  3 sixfirhies
  3 fire crabs
  A sea snake (shapeshifter) (Vaults:3)
  A death drake (shapeshifter) (Vaults:5)
  6 glowing orange brains
  2 deep trolls (shapeshifter)
  70 deep trolls
  2 sun moths
  10 steelbarb worms
  Pikel (D:5)
  A glowing orange brain (shapeshifter) (Vaults:4)
  A tengu zombie (Vaults:4)
  16 ironbound convokers
  A spark wasp zombie (Depths:1)
  4 phantasmal warriors
  23 deep elf zephyrmancers
  9 necromancers
  13 deep elf archers
  9 arcanists
  13 lindwurms
  9 orc knights
  46 harpies
  A shining eye (shapeshifter) (Vaults:5)
  A shadow dragon skeleton (Vaults:4)
  25 deep elf pyromancers
  20 wolf spiders
  2 human zombies
  5 salamanders
  Maurice (D:7)
  A frost giant zombie (Depths:1)
  4 cyclopes (D:12)
  4 orc sorcerers
  23 ugly things
  2 elephants (shapeshifter)
  7 merfolk sirens
  An iron dragon skeleton (Depths:1)
  4 large abominations (Elf:1)
  A black mamba (shapeshifter) (Vaults:5)
  9 fauns
  18 elephants
  19 manticores
  A faun (shapeshifter) (Vaults:4)
  20 vault sentinels
  33 moths of wrath
  3 kobold blastminers (Orc:1)
  Joseph (D:7)
  3 torpor snails
  3 black mambas
  A rust devil (Depths:2)
  13 water nymphs
  An eye of devastation (shapeshifter) (Vaults:4)
  2 torpor snails (shapeshifter)
  14 cane toads
  3 smoke demons
  A gargoyle (D:11)
  2 cane toads (shapeshifter)
  An unseen horror (D:8)
  7 komodo dragons
  3 kobold demonologists
  An efreet (D:14)
  5 rime drakes
  3 tengu conjurers
  48 yaktaurs
  6 polar bears
  26 merfolk
  A guardian serpent (shapeshifter) (Vaults:5)
  8 hornets
  A tyrant leech (Zot:1)
  4 trolls
  A wind drake (shapeshifter) (D:15)
  2 glass eyes
  16 blink frogs
  An ettin zombie (Vaults:3)
  35 tarantellas
  8 wind drakes
  A tarantella (shapeshifter) (D:15)
  A stone giant simulacrum (Vaults:5)
  7 dream sheep
  4 snapping turtles
  Prince Ribbit (D:9)
  36 slime creatures
  A fire giant simulacrum (Vaults:5)
  26 culicivoras
  9 air elementals
  A centaur simulacrum (D:12)
  25 jumping spiders
  3 wyverns
  14 spriggans
  Sigmund (D:6)
  14 water elementals
  6 wraiths
  86 yaks
  4 wargs
  2 fire elementals (Elf:2)
  4 steam dragons
  5 basilisks
  59 redbacks
  A yaktaur simulacrum (Vaults:4)
  Menkaure (D:5)
  7 vampire mosquitoes
  A jumping spider (shapeshifter) (Depths:2)
  2 swamp worms (Zot:3)
  16 water moccasins
  A swamp worm (shapeshifter) (Vaults:5)
  3 acid dragons
  An ogre skeleton (Vaults:5)
  2 hornet zombies (D:7)
  2 glowing shapeshifter skeletons
  6 black bears
  33 orc warriors
  Pargi (D:4)
  24 wolves
  6 boggarts
  9 ogres
  10 centaurs
  2 elf zombies (Elf:1)
  4 kobold brigands
  A glowing shapeshifter simulacrum (Depths:1)
  11 bullfrogs
  4 earth elementals
  A water moccasin zombie (D:7)
  4 scorpions
  6 wights
  9 killer bees
  2 electric eels (Elf:3)
  5 howler monkeys
  A bombardier beetle (D:5)
  4 centaur zombies (D:7)
  5 jellies
  34 orc priests
  A gnoll bouda (D:10)
  3 hounds
  3 iguanas
  3 sleepcaps
  13 orc wizards
  A howler monkey zombie (D:7)
  7 gnolls
  5 adders
  2 ufetubi (D:6)
  2 dart slugs
  4 ribbon worms
  59 orcs
  5 ball pythons
  A bat (D:1)
  6 endoplasms
  A giant cockroach (D:3)
  4 goblins (D:2)
  9 hobgoblins
  8 jackals
  2 quokkas
  2 frilled lizards
  23 kobolds
  6 rats
  4 aspiring fleshes
2137 creatures vanquished.

Vanquished Creatures (collateral kills)
  A slime creature (Vaults:3)
1 creature vanquished.

Vanquished Creatures (others)
  A golden dragon (Zot:3)
  A skyshark (Elf:2)
  2 deep elf zephyrmancers
  A yaktaur (Vaults:2)
5 creatures vanquished.

Grand Total: 2143 creatures vanquished

Notes
Turn   | Place    | Note
-------+----------+-------------------------------------------
     0 | D:1      | bakla the Felid Fighter began the quest for the Orb.
     0 | D:1      | Reached XP level 1. HP: 12/12 MP: 2/2
   299 | D:1      | Reached XP level 2. HP: 12/16 MP: 3/3
   374 | D:1      | Reached skill level 1 in Stealth
   941 | D:2      | Reached XP level 3. HP: 12/20 MP: 4/4
  1086 | D:2      | Found a shimmering altar of Xom.
  1220 | D:2      | Identified the +0 rapier of Uclez {chaos, +Blink Will+}
  1291 | D:2      | Reached skill level 1 in Shapeshifting
  1566 | D:2      | Found a faded altar of an unknown god.
  1865 | D:3      | Reached XP level 4. HP: 20/24 MP: 5/5
  1865 | D:3      | Gained a life (2 lives remaining)
  1972 | D:3      | Found Atapa's Antique Weapon Boutique.
  2830 | D:4      | Found a snail-covered altar of Cheibriados.
  2830 | D:4      | Found a radiant altar of Vehumet.
  3024 | D:4      | Found Isolen's Book Shoppe.
  3228 | D:4      | Noticed Pargi
  3347 | D:4      | Killed Pargi
  3348 | D:4      | Reached skill level 5 in Dodging
  3348 | D:4      | Reached skill level 1 in Evocations
  3348 | D:4      | Reached XP level 5. HP: 29/29 MP: 6/6
  3412 | D:5      | Entered Level 5 of the Dungeon
  3425 | D:5      | Noticed Pikel
  3425 | D:5      | Noticed a lemure
  3432 | D:5      | Noticed a lemure
  3432 | D:5      | Noticed a lemure
  3444 | D:5      | Killed Pikel
  3445 | D:5      | Reached skill level 5 in Unarmed Combat
  3445 | D:5      | Gained mutation: You are covered in thick fur. (AC +2)
                  | [Felid growth]
  3445 | D:5      | Reached XP level 6. HP: 27/34 MP: 7/7
  3445 | D:5      | Reached XP level 7. HP: 30/38 MP: 8/8
  3638 | D:5      | Noticed Menkaure
  3643 | D:5      | Killed Menkaure
  3644 | D:5      | Reached skill level 5 in Stealth
  3778 | D:5      | Reached skill level 5 in Fighting
  3778 | D:5      | Reached XP level 8. HP: 7/43 MP: 9/9
  4002 | D:5      | Mangled by a yak
  4002 | D:5      | Lost a life (1 life remaining)
  4312 | D:5      | Found an iron altar of Okawaru.
  4318 | D:5      | Identified the +6 spear of Malaise {pain, rC+}
  4499 | D:6      | Identified the +1 robe of the Armadillo {^Drain Fly Int+2}
  4507 | D:6      | Found a staircase to the Ecumenical Temple.
  4523 | Temple   | Entered the Ecumenical Temple
  4533 | Temple   | Became a worshipper of the Wu Jian Council
  4710 | D:6      | Reached XP level 9. HP: 21/48 MP: 10/10
  4710 | D:6      | Gained a life (2 lives remaining)
  5569 | D:6      | Noticed Sigmund
  5574 | D:6      | Killed Sigmund
  6056 | D:7      | Found a hide-covered altar of Uskayaw.
  6073 | D:7      | Noticed Joseph
  6339 | D:6      | HP: 1/48 [iguana (10)]
  6341 | D:6      | Reached * piety under Wu Jian
  6886 | D:7      | Reached skill level 5 in Shapeshifting
  6985 | D:6      | Reached XP level 10. HP: 15/55 MP: 11/11
  6994 | D:6      | Mangled by a yak
  6994 | D:6      | Lost a life (1 life remaining)
  7013 | D:7      | Noticed Maurice
  7301 | D:7      | Found a basalt altar of Yredelemnul.
  7423 | D:7      | Found a stormy altar of Qazlal.
  7568 | D:7      | Killed Joseph
  7644 | D:7      | Maurice stole 287 gold
  7660 | D:7      | Killed Maurice
  7980 | D:8      | Found a transporter.
  8029 | D:8      | Found a transporter.
  8049 | D:8      | Found a transporter.
  8484 | D:8      | Learned a level 2 spell: Jinxbite
  8598 | D:8      | Identified the +2 chain mail of Xiezakka {rPois rF++}
  8600 | D:8      | Found a runed translucent gate.
  8600 | D:8      | Noticed Lahburn's ghost (novice MiFi)
  8601 | D:8      | Found a runed translucent gate.
  8602 | D:8      | Found a runed translucent gate.
  8661 | D:8      | Identified the +1 dagger "Sevorus" {speed, rC- Str+3 Dex+3}
  8679 | D:8      | Reached ** piety under Wu Jian
  8927 | D:8      | Found a staircase to the Lair.
  8927 | D:8      | Noticed a fire crab
  8954 | D:8      | Found a transporter.
  8984 | D:8      | Reached skill level 1 in Hexes
  9204 | D:8      | Found a shadowy altar of Dithmenos.
  9210 | D:8      | Found an ancient bone altar of Kikubaaqudgha.
  9386 | D:9      | Noticed Erolcha
  9391 | D:9      | Killed Erolcha
  9392 | D:9      | Reached skill level 10 in Dodging
  9392 | D:9      | Reached skill level 1 in Spellcasting
  9427 | D:9      | Reached skill level 10 in Stealth
  9709 | D:9      | Found a bloodstained altar of Trog.
  9763 | D:9      | Reached XP level 11. HP: 54/60 MP: 13/15
  9763 | D:9      | Gained a life (2 lives remaining)
 10084 | D:9      | Learned a level 1 spell: Summon Small Mammal
 10151 | D:9      | Noticed Prince Ribbit
 10160 | D:9      | Killed Prince Ribbit
 10190 | D:9      | Identified 3 scrolls of acquirement
 10190 | D:9      | Acquired an amulet of guardian spirit
 10197 | D:9      | Acquired the ring of Kogoprog {rPois rF- EV+5 Slay+5}
 10198 | D:9      | Acquired the ring "Nuomm" {rC+ Str+2 Dex+6}
 10480 | D:10     | Entered Level 10 of the Dungeon
 10480 | D:10     | Noticed a four-headed hydra
 10480 | D:10     | Noticed Urug
 10485 | D:10     | Noticed a boulder beetle
 10491 | D:10     | Killed a boulder beetle
 10517 | D:10     | Killed a four-headed hydra
 10521 | D:10     | Killed Urug
 10626 | D:10     | Noticed a cyan ugly thing
 10672 | D:10     | Noticed a deep elf pyromancer
 10672 | D:10     | Found a transporter.
 10673 | D:10     | Noticed a four-headed hydra
 10674 | D:10     | Found a glowing golden altar of the Shining One.
 10674 | D:10     | Found a transporter.
 10675 | D:10     | Noticed a boulder beetle
 10752 | D:10     | Paralysed by a hornet for 1 turns
 11046 | D:10     | Noticed a sixfirhy
 11051 | D:10     | Slain by a sixfirhy
 11051 | D:10     | Lost a life (1 life remaining)
 11124 | D:10     | Found Aneximpi's Antique Armour Shoppe.
 11187 | D:10     | Noticed Snorg
 11197 | D:10     | Killed Snorg
 11815 | D:8      | Slain by a fire crab
 11815 | D:8      | Lost a life (0 lives remaining)
 11880 | D:8      | Killed a fire crab
 12118 | Lair:1   | Entered Level 1 of the Lair of Beasts
 12118 | Lair:1   | Found a frozen archway.
 12140 | IceCv    | Entered an ice cave
 12154 | IceCv    | Noticed a death yak
 12158 | IceCv    | Reached *** piety under Wu Jian
 12390 | Lair:1   | Gained mutation: Your thick and shaggy fur keeps you warm.
                  | (AC +3, rC+) [Felid growth]
 12390 | Lair:1   | Reached XP level 12. HP: 65/65 MP: 14/17
 12589 | Lair:1   | Reached skill level 10 in Shapeshifting
 13231 | Lair:2   | Reached **** piety under Wu Jian
 13469 | Lair:2   | Noticed a six-headed hydra
 13480 | Lair:2   | Killed a six-headed hydra
 14098 | Lair:3   | Reached skill level 10 in Unarmed Combat
 14130 | Lair:3   | Found a staircase to the Shoals.
 14138 | Lair:3   | Reached XP level 13. HP: 72/72 MP: 18/18
 14138 | Lair:3   | Gained a life (1 life remaining)
 14142 | Lair:3   | Found a hole to the Spider Nest.
 14225 | Lair:3   | Reached skill level 10 in Fighting
 14832 | Lair:4   | Reached ***** piety under Wu Jian
 15681 | Lair:5   | Entered Level 5 of the Lair of Beasts
 16052 | Lair:5   | Reached XP level 14. HP: 79/79 MP: 19/19
 16716 | Lair:5   | Found a staircase to the Slime Pits.
 16812 | Lair:5   | Reached ****** piety under Wu Jian
 16828 | Lair:5   | Reached skill level 15 in Dodging
 17509 | D:11     | Identified the +3 ring mail of the Shishi {+Inv Str+3
                  | Dex+3}
 18091 | D:12     | Found a staircase to the Orcish Mines.
 18196 | D:12     | Identified the +2 robe "Exyqiun" {Str+5 Dex-4}
 18582 | D:12     | Found a shimmering altar of Xom.
 18582 | D:12     | Found a shimmering altar of Xom.
 18582 | D:12     | Found a shimmering altar of Xom.
 18582 | D:12     | Found a shimmering altar of Xom.
 18582 | D:12     | Found a shimmering altar of Xom.
 18582 | D:12     | Found a shimmering altar of Xom.
 18583 | D:12     | Found a shimmering altar of Xom.
 18583 | D:12     | Found a shimmering altar of Xom.
 18583 | D:12     | Found a shimmering altar of Xom.
 18583 | D:12     | Found a shimmering altar of Xom.
 18669 | D:12     | Found a shimmering altar of Xom.
 18717 | D:13     | Noticed Rupert
 18885 | D:13     | Killed Rupert
 19001 | D:13     | Noticed Jorgrun
 19270 | D:13     | Reached XP level 15. HP: 68/85 MP: 20/20
 19368 | D:13     | Killed Jorgrun
 19444 | D:13     | Noticed Josephine
 19456 | D:13     | Killed Josephine
 20243 | D:14     | Identified the +1 leather armour "Arirokk" {-Cast +Inv
                  | rElec rF+}
 20265 | D:14     | Found a gate to the Vaults.
 20422 | D:14     | HP: 5/103 [centaur warrior/arrow (17)]
 20741 | D:14     | Found Goynoell's General Store.
 20754 | D:14     | Bought a potion of curing for 45 gold pieces
 20961 | D:14     | Found an ornate altar of the Wu Jian Council.
 21015 | D:15     | Entered Level 15 of the Dungeon
 21203 | D:15     | Found a staircase to the Depths.
 21840 | Orc:1    | Entered Level 1 of the Orcish Mines
 22056 | Orc:1    | Found a runed translucent gate.
 22057 | Orc:1    | Found a runed translucent gate.
 22057 | Orc:1    | Found an opulent altar of Gozag.
 22058 | Orc:1    | Found a runed translucent gate.
 22069 | Orc:1    | Noticed Fannar
 22084 | Orc:1    | Killed Fannar
 22409 | Orc:1    | Noticed Elol's ghost (journeyman DrRe)
 22447 | Orc:1    | Killed Elol's ghost
 22576 | Orc:2    | Entered Level 2 of the Orcish Mines
 22602 | Orc:2    | Found a staircase to the Elven Halls.
 22791 | Orc:2    | Found Agimep's Antique Weapon Shoppe.
 22837 | Orc:2    | Paralysed by an orc sorcerer for 4 turns
 23335 | Orc:2    | Reached XP level 16. HP: 86/92 MP: 21/21
 23335 | Orc:2    | Gained a life (2 lives remaining)
 23381 | Orc:2    | Mangled by a soul eater
 23381 | Orc:2    | Lost a life (1 life remaining)
 23795 | Orc:2    | Found Panta's Distillery.
 23795 | Orc:2    | Found Ilodi's Distillery.
 23796 | Orc:2    | Found Zylacija's Antique Weapon Shop.
 23796 | Orc:2    | Found Issunn's General Store.
 23811 | Orc:2    | Bought a potion of curing for 36 gold pieces
 23811 | Orc:2    | Bought a potion of mutation for 96 gold pieces
 23811 | Orc:2    | Bought a potion of haste for 120 gold pieces
 23811 | Orc:2    | Bought a potion of berserk rage for 60 gold pieces
 23811 | Orc:2    | Bought a potion of ambrosia for 96 gold pieces
 23811 | Orc:2    | Bought a potion of ambrosia for 96 gold pieces
 23811 | Orc:2    | Bought 2 potions of ambrosia for 192 gold pieces
 23812 | Orc:2    | Bought a scroll of fog for 56 gold pieces
 23815 | Orc:2    | Bought a potion of heal wounds for 85 gold pieces
 23815 | Orc:2    | Bought a potion of curing for 51 gold pieces
 23815 | Orc:2    | Bought a potion of curing for 51 gold pieces
 23815 | Orc:2    | Bought a potion of cancellation for 136 gold pieces
 23815 | Orc:2    | Bought a potion of curing for 51 gold pieces
 23904 | Orc:1    | Found Astraong's Book Emporium.
 24324 | Spider:1 | Entered Level 1 of the Spider Nest
 24421 | Spider:2 | Noticed Arachne
 25748 | Spider:2 | Killed Arachne
 25749 | Spider:2 | Reached skill level 15 in Unarmed Combat
 25831 | Spider:2 | Identified the +1 leather armour of Soft Rains {Rampage
                  | rElec}
 25938 | Spider:2 | Reached XP level 17. HP: 89/98 MP: 22/22
 26001 | Spider:2 | Reached skill level 15 in Fighting
 27130 | Spider:4 | Entered Level 4 of the Spider Nest
 27244 | Spider:4 | Got a gossamer rune of Zot
 28125 | Shoals:1 | Entered Level 1 of the Shoals
 28127 | Shoals:1 | Found Belot's Magic Scroll Emporium.
 28143 | Shoals:1 | Reached skill level 15 in Shapeshifting
 28150 | Shoals:1 | Bought a scroll of blinking for 135 gold pieces
 28150 | Shoals:1 | Bought a scroll of fear for 72 gold pieces
 28150 | Shoals:1 | Bought a scroll of vulnerability for 72 gold pieces
 28246 | Shoals:1 | Found Zuurhapn's Magic Scroll Boutique.
 28254 | Shoals:1 | Bought a scroll of fog for 44 gold pieces
 28254 | Shoals:1 | Bought a scroll of fear for 44 gold pieces
 28254 | Shoals:1 | Bought a scroll of teleportation for 33 gold pieces
 28254 | Shoals:1 | Bought a scroll of blinking for 82 gold pieces
 28254 | Shoals:1 | Bought a scroll of revelation for 82 gold pieces
 28277 | Shoals:1 | Found Iqiom's Antique Weapon Shoppe.
 28499 | Shoals:1 | Found Xishruh's Magic Scroll Shoppe.
 28502 | Shoals:1 | Bought a scroll of immolation for 80 gold pieces
 28502 | Shoals:1 | Bought a scroll of fog for 80 gold pieces
 28502 | Shoals:1 | Bought a scroll of fog for 80 gold pieces
 28502 | Shoals:1 | Bought a scroll of fear for 80 gold pieces
 28535 | Shoals:1 | Found Ecur's Armour Emporium.
 28899 | Shoals:2 | Found Zeinepp's General Store.
 28911 | Shoals:2 | Bought a wand of light (3) for 201 gold pieces
 29627 | Shoals:3 | Reached XP level 18. HP: 105/105 MP: 23/23
 30683 | Shoals:4 | Entered Level 4 of the Shoals
 30708 | Shoals:4 | Paralysed by an air elemental for 1 turns
 30902 | Shoals:4 | Found a stormy altar of Qazlal.
 31002 | Shoals:4 | Paralysed by an air elemental for 1 turns
 31130 | Shoals:4 | Paralysed by an air elemental for 1 turns
 31295 | Shoals:4 | Paralysed by an air elemental for 1 turns
 31555 | Shoals:4 | Noticed Nikola
 31799 | Shoals:4 | Identified the +1 short sword of Blood-Lust {venom, Dex+5}
 31944 | Shoals:4 | Got a barnacled rune of Zot
 32186 | Shoals:4 | Killed Nikola
 32522 | Elf:1    | Entered Level 1 of the Elven Halls
 32691 | Elf:1    | Reached XP level 19. HP: 113/113 MP: 24/24
 32691 | Elf:1    | Gained a life (2 lives remaining)
 33445 | Elf:1    | Got the Writings on Bones
 33701 | Elf:2    | Found a transporter.
 33710 | Elf:2    | Found a transporter.
 33758 | Elf:2    | Found Heaclew's Book Boutique.
 33758 | Elf:2    | Found Gajofraupp's Jewellery Emporium.
 33759 | Elf:2    | Found Woruiqem's Book Boutique.
 33771 | Elf:2    | Bought the ring "Carpheemp" {rF+ rC+ MP+9} for 1100 gold
                  | pieces
 33826 | Elf:2    | Found a transporter.
 33827 | Elf:2    | Found a transporter.
 33937 | Elf:2    | Noticed Norris
 33947 | Elf:2    | Killed Norris
 34049 | Elf:2    | Found a runed translucent gate.
 34050 | Elf:2    | Found a runed translucent gate.
 34050 | Elf:2    | Found a runed translucent gate.
 34124 | Elf:2    | Found a transporter.
 34125 | Elf:2    | Found a transporter.
 34357 | Elf:3    | Entered Level 3 of the Elven Halls
 35232 | Elf:3    | Identified the ring of Egri {rElec Will+ rCorr}
 35355 | Elf:3    | Identified the amulet of Lutwiaph {*Slow Will+ Regen+
                  | Dex+3}
 35382 | Elf:3    | Got the Opusculum on the Discharge
 35402 | Elf:3    | Got Sif Muna's Secrets of Enchanting Portals
 35645 | Elf:3    | Upgraded the game from 0.31-a0-1626-g5cb510d322 to
                  | 0.32-a0-7-ge934b4519a
 35831 | Vaults:1 | Entered Level 1 of the Vaults
 35879 | Vaults:1 | Slain by a vault warden
 35879 | Vaults:1 | Lost a life (1 life remaining)
 35893 | Vaults:1 | Reached XP level 20. HP: 121/121 MP: 25/25
 37259 | Vaults:2 | Noticed Asterion
 37268 | Vaults:2 | Killed Asterion
 37315 | Vaults:2 | Found a magical portal.
 37324 | WizLab   | Entered The Hall of the Hellbinder
 38223 | Vaults:3 | Reached XP level 21. HP: 126/126 MP: 26/26
 38769 | Vaults:3 | Identified the orb "Leil" {*channel, Fly Str-4 Hexes Earth}
 38769 | Vaults:3 | Noticed Frederick
 38782 | Vaults:3 | Killed Frederick
 38889 | Vaults:3 | Noticed Margery
 38908 | Vaults:3 | Killed Margery
 38999 | Vaults:3 | Found a staircase to the Crypt.
 40557 | Vaults:5 | Entered Level 5 of the Vaults
 40560 | Vaults:5 | Reached XP level 22. HP: 131/131 MP: 27/27
 40560 | Vaults:5 | Gained a life (2 lives remaining)
 40618 | Vaults:5 | Noticed a dread lich
 40623 | Vaults:5 | Killed a dread lich
 40645 | Vaults:5 | Noticed a golden dragon
 40653 | Vaults:5 | Killed a golden dragon
 40709 | Vaults:5 | Noticed a dread lich
 40713 | Vaults:5 | Killed a dread lich
 40768 | Vaults:5 | Noticed an ancient lich
 40774 | Vaults:5 | Killed an ancient lich
 40856 | Vaults:5 | Noticed an ancient lich
 40862 | Vaults:5 | Killed an ancient lich
 40934 | Vaults:5 | Reached XP level 23. HP: 134/136 MP: 28/28
 41028 | Vaults:5 | Got the Secrets of Nonlocality
 41304 | Vaults:5 | Reached skill level 1 in Invocations
 41333 | Vaults:5 | Got a silver rune of Zot
 41757 | Vaults:5 | Acquired 530 gold pieces
 41971 | Depths:1 | Entered Level 1 of the Depths
 41989 | Depths:1 | Found a one-way gate to the infinite horrors of the Abyss.
 42137 | Depths:1 | Found Wodoghut's Book Shop.
 42214 | Depths:1 | Reached skill level 5 in Invocations
 42453 | Depths:1 | Found a gateway to Hell.
 42839 | Depths:1 | Identified the ring of Moxt {rCorr Int+8 Dex-3 Slay+4
                  | Stlth-}
 43045 | Depths:2 | Found a one-way gateway to a ziggurat.
 43290 | Depths:2 | Killed from afar by a living spell
 43290 | Depths:2 | Lost a life (1 life remaining)
 43328 | Depths:2 | Found a one-way gate leading to the halls of Pandemonium.
 43596 | Depths:2 | Reached skill level 10 in Invocations
 44552 | Depths:3 | Noticed Vv
 44561 | Depths:3 | Killed Vv
 44572 | Depths:3 | Noticed Jory
 44580 | Depths:3 | Killed Jory
 44726 | Depths:3 | Learned a level 3 spell: Fugue of the Fallen
 44907 | Depths:3 | Found Hyrotisie's Assorted Antiques.
 44979 | Depths:3 | Found a transporter.
 44980 | Depths:3 | Identified the +7 giant club of Hutulluosyng {flame, rN+
                  | Stlth+}
 44981 | Depths:3 | Noticed Heckotz's ghost (veteran DEHs)
 45079 | Depths:3 | Found a transporter.
 45248 | Depths:4 | Entered Level 4 of the Depths
 45257 | Depths:4 | Reached skill level 5 in Hexes
 45266 | Depths:4 | Reached XP level 24. HP: 141/141 MP: 34/34
 45523 | Depths:4 | Noticed Sojobo
 45535 | Depths:4 | Killed Sojobo
 45610 | Depths:4 | Found a gate to the Realm of Zot.
 45758 | Depths:4 | Reached skill level 15 in Invocations
 46050 | Zot:1    | Entered Level 1 of the Realm of Zot
 47115 | Zot:2    | Reached skill level 1 in Necromancy
 47399 | Zot:2    | You are sucked into a shaft and drop 2 floors!
 47498 | Zot:3    | Reached skill level 5 in Spellcasting
 47595 | Zot:3    | Reached skill level 5 in Necromancy
 47909 | Zot:3    | Noticed a Killer Klown
 47919 | Zot:3    | Killed a Killer Klown
 48578 | Zot:2    | Reached XP level 25. HP: 146/146 MP: 36/36
 48578 | Zot:2    | Gained a life (2 lives remaining)
 48813 | Zot:3    | HP: 5/146 [death cob (25)]
 49577 | Zot:5    | Entered Level 5 of the Realm of Zot
 50044 | Zot:5    | Noticed a dread lich
 50055 | Zot:5    | Noticed an orb of fire
 50060 | Zot:5    | Killed an orb of fire
 50060 | Zot:5    | Killed a dread lich
 50068 | Zot:5    | Noticed a Killer Klown
 50068 | Zot:5    | Noticed an orb of fire
 50068 | Zot:5    | Noticed an orb of fire
 50068 | Zot:5    | Noticed an orb of fire
 50074 | Zot:5    | Gained mutation: You are clumsy. (Dex -2) [an orb of fire]
 50075 | Zot:5    | Killed an orb of fire
 50076 | Zot:5    | Killed an orb of fire
 50077 | Zot:5    | Killed an orb of fire
 50083 | Zot:5    | Killed a Killer Klown
 50140 | Zot:5    | Noticed an orb of fire
 50141 | Zot:5    | Noticed an ancient lich
 50141 | Zot:5    | Noticed an orb of fire
 50142 | Zot:5    | Noticed a Killer Klown
 50143 | Zot:5    | Noticed a dread lich
 50145 | Zot:5    | Killed an orb of fire
 50145 | Zot:5    | Killed an orb of fire
 50146 | Zot:5    | Killed an ancient lich
 50149 | Zot:5    | Killed a dread lich
 50150 | Zot:5    | Reached XP level 26. HP: 56/151 MP: 39/39
 50179 | Zot:5    | Killed from afar by a red draconian scorcher
 50179 | Zot:5    | Lost a life (1 life remaining)
 50501 | Zot:5    | Got the Orb of Zot
 50751 | Depths:1 | Gained mutation: Your magical capacity is low. (-10% MP) [a
                  | cacodemon]
 50816 | D:12     | Noticed Deilyg the pandemonium lord
 50821 | D:11     | Noticed a seraph
 50907 | Temple   | Fell from the grace of Wu Jian
 50907 | Temple   | Became a worshipper of Fedhas Madash
 51034 | D:$      | Escaped with the Orb!

Illustrated notes

Levels and vault maps discovered:
D:1:      onia_arrival_pentagram, layout_loops_corners, chequers_jeans,
          minmay_misc_feat_room, chequers_serial_rivers_small_a
D:2:      minmay_alternating_diamond, layout_loops_ring, basic_altar,
          shapermc_ecumenical_altar_mp_highgroup
D:3:      cheibrodos_old_hovel, layout_basic, serial_shops, shop,
          dk_noncrumbling_4
D:4:      layout_basic, gammafunk_temple_overflow_wave, serial_shops,
          nicolae_shop_waterfront, uniq_pargi
D:5:      nicolae_cairo_tiling, layout_rooms, okawaru_ov_weapons_minmay,
          uniq_menkaure, uniq_pikel
D:6:      layout_layer_cave, temple_pool_b, uniq_sigmund
D:7:      layout_cave_pools, eat_drink_and_be_merry_uskayaw,
          mainiacjoe_overflow_paths, nicolae_yredelemnul_corpse_copse,
          dk_noncrumbling_2, uniq_maurice, uniq_joseph
D:8:      layout_cave_pools, amethyst_overflow_temple_binary,
          minmay_lair_entry_lava, biasface_ghost_orc_armoury, dk_vineyard_2,
          grunt_ministairs_15, nicolae_transporter_intersection
D:9:      layout_irregular_city, trog_three_pillars_becter, uniq_erolcha,
          uniq_prince_ribbit1
D:10:     cheibrodos_elevator_heist, layout_loops_cross,
          gammafunk_temple_overflow_arena, serial_shops, kennysheep_little_box,
          dreamdust_gnoll_shepherd, uniq_snorg, uniq_urug
D:11:     layout_cave_pools
D:12:     layout_roguey, minmay_orc_entry_guard_dogs, xom_shifter_show
D:13:     layout_basic, serial_glass, glass_columns_b, glass_columns_b,
          uniq_jorgrun, uniq_josephine, uniq_rupert
D:14:     layout_rooms, hangedman_vaults_entry_quadrant_bands, serial_shops,
          nicolae_shop_peninsula, nzn_wu_jian_contemplation, minmay_orc_keep
D:15:     grunt_enter_depths_giant_problem, layout_long_grid, skrybe_limestone_x
Temple:   nicolae_temple_no_exploring_needed
Lair:1:   layout_roguey, portal_ice_cave_entry_pillars_1
Lair:2:   layout_regular_city, grunt_megastairs_1
Lair:3:   layout_concentric_octagons, nicolae_shoals_entry_roost,
          spider_nest_entry_web_field, grunt_megastairs_4
Lair:4:   layout_regular_city, serial_bayou_shore_b
Lair:5:   minmay_lair_end_enchanted_forest, layout_small_grid, slime_entry_2,
          chequers_serial_rivers_large_b, grunt_megastairs_3,
          lemuel_fruit_fields
Shoals:1: layout_shoals, serial_shops, nicolae_shop_behind_doors,
          shop_fountains, nicolae_shop_tiny_waterfront, shop, shop
Shoals:2: argonaut_golden_fleece, layout_shoals, serial_shops, shop_coins
Shoals:3: nzn_motion_control, layout_shoals
Shoals:4: shoals_end_hellmonk_storm_palace [storm_palace_center_square,
          storm_palace_corner_altar, storm_palace_corner_narrow,
          storm_palace_corner_reverse_hut, storm_palace_corner_grid],
          serial_shops, uniq_nikola
Spider:1: layout_spider_delve
Spider:2: nicolae_spider_corner, hangedman_spider_tarantella_strand,
          uniq_arachne
Spider:3: layout_spider_delve
Spider:4: grunt_spider_rune_circles, hellmonk_narrow_tunnel
Orc:1:    layout_caves, serial_shops, shop_fountains, basic_altar,
          ebering_ghost_gozag, nicolae_orc_lava_room, uniq_fannar
Orc:2:    st_orc_pillars, layout_caves, serial_shops,
          nicolae_shop_tiny_waterfront, mines2_david
Elf:1:    minmay_elf_arrival_summoners, layout_geoelf_octagon,
          minmay_elf_necromancy
Elf:2:    nicolae_elf_blades_crystal_corner, layout_geoelf_grid,
          serial_nicolae_subway, nicolae_sub_station_stone,
          nicolae_sub_station_metal, nicolae_sub_station_crystal,
          minmay_shop_grove, lemuel_upstairs_altar, uniq_norris
Elf:3:    minmay_elf_hall_statues, layout_geoelf_castle, lemuel_flamethrower_3
Vaults:1: nicolae_vaults_good_morning_starshine, nicolae_vaults_trapezoid_3,
          nicolae_vaults_spaceships, nicolae_vaults_trapezoid_2, v_misc_2,
          hangedman_vaults_trim, ontoclasm_vaults_spin, v_misc_14,
          nicolae_vaults_angled_halls, vaults_standard_mumra_enter_the_diamond,
          nicolae_vaults_tetromino_L_1, nicolae_vaults_tetromino_L_1,
          layout_vaults_big_cross
Vaults:2: mu_enter_wizlab_4, v_misc_23, ontoclasm_vaults_idyll,
          ontoclasm_vaults_fault, v_alt_pattern_2, nicolae_vaults_octagons,
          nicolae_vaults_tetromino_Z_2, v_misc_22,
          nicolae_vaults_heart-shaped_vault, v_rooms_2, layout_vaults_maze,
          uniq_asterion
Vaults:3: grunt_vaults_hallway_short, ontoclasm_vaults_claustrophobia,
          v_alt_pattern_2, vaults_dpeg_hooks, vaults_dpeg_doors,
          ontoclasm_vaults_misaligned, nicolae_vaults_border_crossing,
          nicolae_vaults_storage_closets_3, v_misc_2,
          nicolae_vaults_closet_pinwheel_3, nicolae_vaults_heart-shaped_vault,
          nicolae_vaults_shelves_hall, vaults_dpeg_ring,
          layout_vaults_chaotic_city, minmay_crypt_entry_nasty_monster,
          uniq_margery, uniq_frederick
Vaults:4: vaults_room_boxed, nicolae_vaults_loss_of_containment,
          nicolae_vaults_surprise_closet, nicolae_vaults_trapezoid_lopsided_1,
          nicolae_vaults_turnstiles, vaults_standard_mumra_enter_the_diamond,
          nicolae_vaults_mini_display_case, nicolae_vaults_storage_room_statues,
          v_misc_15, nicolae_vaults_diamond_1, v_pattern_3, vaults_room_pools,
          nicolae_vaults_tetromino_T_1, nicolae_vaults_house_3,
          ontoclasm_vaults_ring_small, layout_vaults_omnibox
Vaults:5: serial_shops
Depths:1: layout_gridlike, hell_entry, serial_rivers,
          chequers_serial_rivers_micro_e, chequers_serial_rivers_small_3,
          chequers_serial_rivers_small_3, chequers_serial_rivers_large_a,
          abyss_entry, serial_shops, nicolae_shop_crystal,
          minmay_hollow_rounded_squares
Depths:2: minmay_the_grid_four_pointed_star
          [minmay_the_grid_triangle_9x9_from_above,
          minmay_the_grid_triangle_9x9_cache,
          minmay_the_grid_triangle_9x9_checkered,
          minmay_the_grid_triangle_9x9_thin_v, minmay_the_grid_prize_big_room],
          layout_basic, enter_ziggurat_d, nicolae_sextant, hell_entry,
          rand_demon_pan_entry_7, kennysheep_generic_room_16,
          serial_bayou_shore_b
Depths:3: minmay_octo_star, layout_twisted_cross, grunt_metal_band,
          rand_demon_pan_entry_9, nicolae_abyss_entry_one_way_or_another,
          patterned_corridor, serial_shops, nicolae_shop_window_shopping,
          gammafunk_ghost_smash, serial_library_hellmonk_metal_room, uniq_jory,
          uniq_vv, uniq_josephina
Depths:4: evilmike_zot_entry_diamond, layout_cave_pools,
          minmay_misc_feat_plants, pf_coc_iceberg, nicolae_benzene_ring,
          uniq_sojobo
Zot:1:    layout_gridlike
Zot:2:    layout_gridlike, regret_index_zotdec_carving_tricks,
          grunt_megastairs_5
Zot:3:    layout_misc_corridors, grunt_megastairs_2
Zot:4:    kennysheep_room_grid, layout_onion, regret_index_zotdec_zees
Zot:5:    layout_concentric_octagons

Skill      XL: |  1  2  3  4  5  6  7  8  9 10 11 12 13 14 15 16 17 18 19 20 21 22 23 24 25 26 |
---------------+-------------------------------------------------------------------------------+-----
Stealth        | 1 2 3 4 5 6 8 10 13 14 | 14.5
Shapeshifting  | 1 2 3 5 9 10 11 12 13 14 15 16 17 20 22 23 | 23.0
Dodging        | 5 6 7 9 10 12 14 16 17 18 20 | 20.1
Evocations     | 1 2 3 4 |  4.0
Fighting       | 4 5 7 8 9 11 12 13 14 16 17 19 | 19.7
Unarmed Combat | 5 6 7 8 10 11 12 13 15 16 17 19 | 19.7
Hexes          | 3 5 7 |  7.0
Spellcasting   | 2 3 5 |  5.0
Invocations    | 13 17 22 23 | 23.1
Necromancy     | 5 |  5.0

Action                     |  1- 3 |  4- 6 |  7- 9 | 10-12 | 13-15 | 16-18 | 19-21 | 22-24 | 25-27 || total
---------------------------+-------+-------+-------+-------+-------+-------+-------+-------+-------++-------
  Melee: Unarmed           |   110 |    63 |   300 |   661 |  1221 |  1530 |  1545 |  1205 |   440 ||  7075
         Bite              |    12 |     9 |    52 |    69 |       |    25 |   220 |    86 |       ||   473
         Punch             |     2 |     2 |    18 |    29 |       |    17 |   188 |   199 |    61 ||   516
         Constrict         |       |       |       |    64 |   255 |   337 |    68 |       |       ||   724
         Maw               |       |       |       |       |       |       |   450 |   144 |       ||   594
   Cast: Jinxbite          |       |       |       |     2 |       |       |       |       |       ||     2
         Summon Small Mamm |       |       |       |       |     1 |       |       |       |       ||     1
         Fugue of the Fall |       |       |       |       |       |       |       |     2 |       ||     2
 Invoke: Serpent's Lash    |       |       |       |       |    11 |    21 |    14 |     6 |     6 ||    58
         Heavenly Storm    |       |       |       |       |       |     3 |     2 |       |     1 ||     6
Ability: Whirlwind         |       |       |    60 |   111 |   216 |   558 |   557 |   258 |   129 ||  1889
         Lunge             |       |       |    14 |    58 |   111 |   129 |   139 |   106 |    28 ||   585
         Wall Jump         |       |       |       |       |       |       |     1 |       |       ||     1
         Blinkbolt         |       |       |       |       |       |       |       |     3 |       ||     3
  Evoke: Wand              |       |     6 |    10 |    10 |     6 |     3 |     1 |     1 |       ||    37
         Phantom mirror    |       |       |       |       |       |       |     2 |       |       ||     2
    Use: Scroll            |     2 |     5 |     5 |    10 |    13 |     5 |     4 |     8 |     3 ||    55
         Potion            |       |     1 |     7 |     8 |       |    17 |     4 |       |     5 ||    42
   Stab: Sleeping          |       |     3 |     4 |    29 |    24 |    22 |    73 |    28 |       ||   183
         Invisible         |       |     1 |     1 |     2 |       |     1 |     1 |       |       ||     6
         Distracted        |       |     1 |       |     1 |     9 |     6 |     6 |    17 |       ||    40
         Petrified         |       |       |       |       |       |     2 |       |       |       ||     2
 Armour: Skin              |    24 |    13 |   125 |   169 |   353 |   504 |   281 |   167 |    75 ||  1711
  Dodge: Dodged            |    75 |    51 |   359 |   550 |   884 |  1612 |  1120 |  1096 |   465 ||  6212
   Form: Serpent           |       |       |       |     3 |       |     1 |       |       |       ||     4
                           |       |       |       |     2 |       |     1 |       |       |       ||     3
         Maw               |       |       |       |       |       |       |     2 |       |       ||     2
         Storm             |       |       |       |       |       |       |     1 |     2 |       ||     3

Table legend: (Time is in decaauts)
 A = Elapsed time spent in this place.
 B = Non-inter-level travel time spent in this place.
 C = Inter-level travel time spent in this place.
 D = Time resting spent in this place.
 E = Time spent auto-exploring this place.
 F = Levels seen in this place.
 G = Mean time per level.
                   A        B        C        D        E       F      G
               +--------+--------+--------+--------+--------+-----+--------+
         Total |  50159 |  46176 |   3983 |   3950 |  30873 |  50 | 1003.2 |
       Dungeon |  17119 |  15300 |   1819 |   1650 |  10452 |  15 | 1141.3 |
        Temple |     35 |     21 |     14 |      0 |      0 |   1 |   35.0 |
          Lair |   5229 |   4854 |    375 |    217 |   3341 |   5 | 1045.8 |
        Shoals |   4098 |   3929 |    169 |    675 |   2078 |   4 | 1024.5 |
   Spider Nest |   3727 |   3478 |    249 |    355 |   2026 |   4 |  931.8 |
  Orcish Mines |   2364 |   2134 |    230 |    354 |   1248 |   2 | 1182.0 |
   Elven Halls |   3124 |   2935 |    189 |    319 |   1882 |   3 | 1041.3 |
        Vaults |   5911 |   5613 |    298 |      0 |   4002 |   5 | 1182.2 |
        Depths |   4002 |   3838 |    164 |     72 |   3008 |   4 | 1000.5 |
           Zot |   4492 |   4020 |    472 |    306 |   2835 |   5 |  898.4 |
      Ice Cave |     21 |     21 |      0 |      0 |      0 |   1 |   21.0 |
        Wizlab |     31 |     31 |      0 |      0 |      0 |   1 |   31.0 |
               +--------+--------+--------+--------+--------+-----+--------+

Top non-repeatable levels by time:
     D:6: 2259 daAuts
     D:8: 1947 daAuts
Spider:2: 1742 daAuts
  Lair:5: 1540 daAuts
Vaults:3: 1522 daAuts
Shoals:4: 1517 daAuts
   Orc:2: 1392 daAuts
Vaults:1: 1379 daAuts
   Elf:3: 1301 daAuts
    D:10: 1265 daAuts
Depths:2: 1253 daAuts
     D:9: 1246 daAuts
Vaults:5: 1215 daAuts
   Elf:1: 1209 daAuts
    D:14: 1158 daAuts
